 Dungeon Crawl Stone Soup version 0.30-a0-23-ge60ba3568b (webtiles) character file.

Game seed: 3120910699274482167

16 SensoryNuts the Trooper (level 2, 0/26 HPs)
             Began as a Draconian Fighter on Aug 25, 2022.
             Slain by a kobold
             ... wielding a +4 whip
              (2 damage)
             ... on level 1 of the Dungeon.
             The game lasted 00:00:26 (211 turns).

SensoryNuts the Trooper (Draconian Fighter)          Turns: 211, Time: 00:00:26

Health: 0/26       AC:  4    Str: 18    XL:     2   Next: 37%
Magic:  2/2        EV: 12    Int:  8    God:
Gold:   0          SH:  4    Dex: 10    Spells: 1/1 levels left

rFire   . . .      SeeInvis .    a - +0 long sword
rCold   . . .      Faith    .    b - +0 buckler
rNeg    . . .      Spirit   .    (body armour unavailable)
rPois   .          Reflect  .    (helmet restricted)
rElec   .          Harm     .    (no cloak)
rCorr   .          Rampage  .    (no gloves)
Will    .....                    (no boots)
Stlth   +.........               (no amulet)
HPRegen 0.08/turn                (no ring)
MPRegen 0.08/turn                (no ring)

@: no status effects
A: AC +4, unfitting armour, cold-blooded
a: no special abilities


You were on level 1 of the Dungeon.
You visited 1 branch of the dungeon, and saw 1 of its levels.

Inventory:

Hand Weapons
 a - a +0 long sword (weapon)
Armour
 b - a +0 buckler (worn)
Scrolls
 d - a scroll of vulnerability {unknown}
 e - a scroll of identify {unknown}
 f - 3 scrolls of teleportation {unknown}
Potions
 c - a potion of might


   Skills:
 + Level 3.5 Fighting
 * Level 2.2 Long Blades
 + Level 2.9 Dodging
 + Level 3.2 Shields


You had one spell level left.
You didn't know any spells.
Your spell library was empty.

Dungeon Overview and Level Annotations

Branches:
Dungeon (1/15)

Altars:


Innate Abilities, Weirdness & Mutations

Your plain brown scales are hard. (AC +4)
You cannot fit into any form of body armour.
You are cold-blooded and may be slowed by cold attacks.


Message History

You closely miss the jackal.
The jackal is severely wounded.
The jackal closely misses you. You block the jackal's attack.
You closely miss the jackal. You tail-slap the jackal.
The jackal is almost dead.
The jackal bites you.
The jackal bites you but does no damage.
You slash the jackal!
You kill the jackal!
The jackal bites you.
You slash the jackal!
You kill the jackal!
The goblin hits you with a +0 dagger.
You barely miss the goblin. The goblin barely misses you.
You hit the goblin but do no damage. You tail-slap the goblin.
You kill the goblin!
You hit the hobgoblin.
Your tail-slap misses the hobgoblin.
The hobgoblin is almost dead.
The hobgoblin closely misses you.
You are too injured to fight recklessly!
You hit the hobgoblin.
You kill the hobgoblin!
The kobold closely misses you.
You barely miss the kobold.
Your tail-slap misses the kobold.
You block the kobold's attack.
You miss the kobold. You block the kobold's attack.
You barely miss the kobold.
Your tail-slap misses the kobold.
The kobold misses you. The kobold hits you with a +4 whip.
* * * LOW HITPOINT WARNING * * *
You barely miss the kobold. You block the kobold's attack.
You closely miss the kobold. The kobold hits you but does no damage.
You completely miss the kobold.
Your tail-slap misses the kobold.
The kobold hits you with a +4 whip.
* * * LOW HITPOINT WARNING * * *
The kobold hits you with a +4 whip.
* * * LOW HITPOINT WARNING * * *
Okay, then.
Okay, then.
The kobold attacks as you move away! The kobold hits you with a +4 whip.
You die...

#######..## #.............
........... #.......####..
........... #.......###...
###.###### ##.......##..#.
#...)..# ####.#....##......
##......# ####......##.##......
........## #......#####.........
##.......####.....#######........
#..............@Kl..).##........
#...............#####...........
#...>...........## ###.....†...
#####.##....###....## #.........
#........##......##.........
.....................>..†...
.##.........###..†.........## ..
........#..#..h##.......## ....K.
l.......#


You could see a kobold and a frilled lizard.

Vanquished Creatures
  2 ball pythons (D:1)
  An endoplasm (D:1)
  2 giant cockroaches (D:1)
  A hobgoblin (D:1)
  4 jackals (D:1)
  2 goblins (D:1)
  A kobold (D:1)
13 creatures vanquished.

Notes
Turn   | Place    | Note
-------+----------+-------------------------------------------
     0 | D:1      | SensoryNuts the Draconian Fighter began the quest for the
                  | Orb.
     0 | D:1      | Reached XP level 1. HP: 19/19 MP: 1/1
   183 | D:1      | Reached XP level 2. HP: 18/26 MP: 2/2
   206 | D:1      | HP: 1/26 [kobold/+4 whip (2)]
   211 | D:1      | Slain by a kobold

Illustrated notes

Levels and vault maps discovered:
D:1:      dpeg_arrival_boxes_within_box, layout_rooms, reono_crystal_passage,
          minmay_stone_trees_small, serial_bayou_lake_a

Action                   || total
-------------------------++-------
Melee: Long sword        ||    44
       Tailslap          ||     4
Armor: Skin              ||    17
Dodge: Dodged            ||    34
Block: Buckler           ||    20

Table legend: (Time is in decaauts)
 A = Elapsed time spent in this place.
 B = Non-inter-level travel time spent in this place.
 C = Inter-level travel time spent in this place.
 D = Time resting spent in this place.
 E = Time spent auto-exploring this place.
 F = Levels seen in this place.
 G = Mean time per level.
                   A        B        C        D        E       F      G
               +--------+--------+--------+--------+--------+-----+--------+
         Total |    225 |    225 |      0 |      0 |    131 |   1 |  225.0 |
       Dungeon |    225 |    225 |      0 |      0 |    131 |   1 |  225.0 |
               +--------+--------+--------+--------+--------+-----+--------+

Top non-repeatable levels by time:
     D:1: 225 daAuts
